 Dungeon Crawl Stone Soup version 0.31-a0-978-g1e143483b6 (webtiles) character file.

Game seed: 14734849763703057065

195 CowFu the Covered (level 5, -1/47 HPs)
             Began as a Minotaur Fighter on Oct 30, 2023.
             Slain by an orc wizard
             ... wielding a +0 dagger
              (2 damage)
             ... on level 3 of the Dungeon.
             The game lasted 00:02:24 (2715 turns).

CowFu the Covered (Minotaur Fighter)                Turns: 2715, Time: 00:02:25

Health: -1/47      AC:  9    Str: 23    XL:     5   Next: 45%
Magic:  4/4        EV:  8    Int:  5    God:
Gold:   95         SH:  4    Dex:  9    Spells: 4/4 levels left

rFire   . . .        a - +0 war axe
rCold   . . .        c - +0 buckler
rNeg    . . .        e - +0 chain mail
rPois   .            (helmet restricted)
rElec   .            (no cloak)
rCorr   .            (no gloves)
SInv    .            (no boots)
Will    .....        (no amulet) Stlth
                     (no ring)
HPRegen 0.27/turn    (no ring)
MPRegen 0.09/turn

%: no passive effects
@: no status effects
A: horns 2, retaliatory headbutt
a: no special abilities


You were on level 3 of the Dungeon.
You visited 1 branch of the dungeon, and saw 4 of its levels.

You collected 95 gold pieces.

Inventory:

Hand Weapons
 a - a +0 war axe (weapon)
Armour
 c - a +0 buckler (worn)
 e - a +0 chain mail (worn)
Jewellery
 o - a ring of fire
Wands
 p - a wand of roots (10)
Scrolls
 b - 4 scrolls of identify {unknown}
 f - 3 scrolls of teleportation {unknown}
 i - a scroll of torment {unknown}
 l - a scroll of fear {unknown}
 n - 2 scrolls of enchant weapon {unknown}
 r - a scroll of summoning {unknown}
Potions
 d - a potion of might
 g - a potion of ambrosia {unknown}
 h - a potion of lignification {unknown}
 j - a potion of haste {unknown}
 k - 2 potions of cancellation {unknown}
 m - a potion of mutation {unknown}
 q - a potion of attraction {unknown}


   Skills:
 + Level 4.6 Fighting
 + Level 3.8 Axes
 + Level 4.6 Armour
 + Level 2.2 Dodging
 + Level 4.6 Shields


You had 4 spell levels left.
You didn't know any spells.
Your spell library contained the following spells:

 Spells                   Type           Power      Damage    Failure   Level
 Cigotuvi's Dreadful Rot  Necr/Pois/Air  0%         N/A       99%         2
 Ignite Poison            Fire/Tmut/Pois 0%         N/A       100%        3
 Freezing Cloud           Conj/Ice/Air   0%         6-21      100%        5


Dungeon Overview and Level Annotations

Branches:
Dungeon (4/15)
 Temple: D:4-7

Altars:
Dithmenos
Gozag
Qazlal


Innate Abilities, Weirdness & Mutations

You have a pair of horns on your head.
You reflexively headbutt those who attack you in melee.


Message History

The orc hits you from afar with a +0 trident.
The gnoll barely misses you.
You slash the orc wizard! Your headbutt misses the orc wizard.
The orc wizard is heavily wounded.
You closely miss the orc. x2; The orc barely misses you.
The orc wizard casts a spell.
The orc wizard flickers and vanishes!
Deactivating autopickup; reactivate with Ctrl-A.
The orc hits you with a +0 war axe.
The orc hits you from afar with a +0 trident.
The gnoll hits you from afar with a +0 spear.
Something hits you but does no damage. The orc hits you with a +0 war axe!
* * * LOW HITPOINT WARNING * * *
The orc closely misses you. The gnoll hits you but does no damage.
You climb upwards.
Reactivating autopickup.
There is a stone staircase leading down here.
You are too injured to fight recklessly!
You closely miss the orc. You hit the orc. You miss something.
Something hits you but does no damage.
Deactivating autopickup; reactivate with Ctrl-A.
The orc hits you but does no damage. The orc closely misses you.
Something hits you but does no damage. The orc hits you but does no damage.
The orc hits you with a +0 short sword.
* * * LOW HITPOINT WARNING * * *
You barely miss the orc. Your headbutt misses the orc. You slash the orc!
You kill the orc!
You barely miss something. Something hits you but does no damage.
The orc hits you with a +0 war axe.
* * * LOW HITPOINT WARNING * * *
You slash the orc!
You kill the orc!
You miss something. Something hits you but does no damage.
Things that are here:
a +0 war axe; a +0 leather armour; an orc corpse You barely miss something.
Something hits you but does no damage.
You completely miss something. You headbutt something. Something hits you.
* * * LOW HITPOINT WARNING * * *
Something hits you.
You die...

.#....##.....g.###
......####.##.##
..#...........#
..###.##.#.#..#
......##.#.#..#
......#.......#
..##.......#.###
..##..#.......)######
.........##...)>@...#
...#..........รท####)#
#.........#..#.# #.#
...............# #)#
.............#.####.#
....................#
.............<..#...#
#..#.#..........#.#.#
......#.....#.).#.#.#


There were no monsters in sight!

Vanquished Creatures
  A sleepcap (D:3)
  Ijyb (D:3)
  Robin (D:3)
  3 gnolls (D:3)
  2 adders (D:3)
  A worm (D:2)
  2 dart slugs
  2 orcs (D:3)
  7 endoplasms
  3 giant cockroaches
  9 goblins
  11 hobgoblins
  4 jackals
  3 quokkas
  5 ball pythons
  6 bats
  2 frilled lizards (D:2)
  6 kobolds
  4 rats
73 creatures vanquished.

Notes
Turn   | Place    | Note
-------+----------+-------------------------------------------
     0 | D:1      | CowFu the Minotaur Fighter began the quest for the Orb.
     0 | D:1      | Reached XP level 1. HP: 19/19 MP: 0/0
   178 | D:1      | Reached XP level 2. HP: 27/27 MP: 1/1
   655 | D:1      | Reached skill level 1 in Dodging
   685 | D:1      | Reached XP level 3. HP: 33/33 MP: 2/2
   983 | D:2      | Found a faded altar of an unknown god.
  1682 | D:3      | Reached XP level 4. HP: 36/40 MP: 3/3
  1753 | D:3      | Noticed Robin
  1754 | D:3      | Noticed Ijyb
  1802 | D:3      | Killed Robin
  1855 | D:3      | Killed Ijyb
  2035 | D:3      | Found an opulent altar of Gozag.
  2036 | D:3      | Found a stormy altar of Qazlal.
  2102 | D:3      | Found a shadowy altar of Dithmenos.
  2484 | D:3      | Reached XP level 5. HP: 25/47 MP: 4/4
  2715 | D:3      | HP: 1/47 [something (4)]
  2715 | D:3      | Slain by an orc wizard

Illustrated notes

Levels and vault maps discovered:
D:1:      sevenhm_arrival_forest_fort_large_4, layout_basic,
          palyth_stone_intersect
D:2:      layout_basic, shapermc_ecumenical_altar_starsandcircs,
          columned_hall_lemuel, hex_large, minmay_guardbox
D:3:      layout_basic, nicolae_overflow_hidden_temple, minmay_misc_feat_cross,
          nicolae_goblin_pals
D:4:      corexii_shack_village, layout_cave_pools,
          mainiacjoe_overflow_alcove_2, nicolae_vehumet_radiance, serial_shops,
          nicolae_shop_just_a_little_nook

Skill      XL: |  1  2  3  4 |
---------------+-------------+-----
Axes           | 3 |  3.8
Dodging        | 1 2 |  2.2
Armour         | 4 |  4.6
Fighting       | 4 |  4.6
Shields        | 4 |  4.6

Action                     |  1- 3 |  4- 6 || total
---------------------------+-------+-------++-------
  Melee: War axe           |   105 |    57 ||   162
         Headbutt          |    10 |     6 ||    16
 Armour: Scale mail        |    37 |       ||    37
         Chain mail        |    52 |    92 ||   144
  Dodge: Dodged            |    51 |    33 ||    84
  Block: Buckler           |    17 |    23 ||    40

Table legend: (Time is in decaauts)
 A = Elapsed time spent in this place.
 B = Non-inter-level travel time spent in this place.
 C = Inter-level travel time spent in this place.
 D = Time resting spent in this place.
 E = Time spent auto-exploring this place.
 F = Levels seen in this place.
 G = Mean time per level.
                   A        B        C        D        E       F      G
               +--------+--------+--------+--------+--------+-----+--------+
         Total |   2776 |   2677 |     99 |      0 |   2205 |   4 |  694.0 |
       Dungeon |   2776 |   2677 |     99 |      0 |   2205 |   4 |  694.0 |
               +--------+--------+--------+--------+--------+-----+--------+

Top non-repeatable levels by time:
     D:3: 1040 daAuts
     D:1: 1004 daAuts
     D:2: 707 daAuts
     D:4: 23 daAuts
